[Event "FIDE World School-ch G-13 2025"]
[Site "Vrnjacka Banja"]
[Date "2025.03.22"]
[Round "3.1"]
[White "Amanzhol, Khanzada"]
[Black "Enkhzaya, Zagas-Erdene"]
[Result "1-0"]
[Annotator "NA RC"]
[ECO "B53"]
[WhiteElo "1908"]
[BlackElo "1801"]
[PlyCount "51"]
[EventDate "2025.03.19"]
[EventType "swiss"]
[EventCountry "SRB"]
[SourceTitle "playchess.com"]
[Source "ChessBase"]
[SourceQuality "1"]
[TimeControl "5400+30"]

1. e4 c5 2. Nf3 d6 3. d4 cxd4 4. Qxd4 Bd7 5. c4 Nc6 6. Qd2 Nf6 7. Nc3 g6 8. b3 Bg7 9. Bb2 O-O 10. h3 a5 11. Bd3 Nb4 12. Bb1 Bc6 13. O-O Nd7 14. Nd5 Bxd5 15. exd5 Nc5 16. Bxg7 Kxg7 17. a3 Nba6 18. Nd4 Qb6 19. Nf5+ gxf5 20. Qg5+ Kh8 21. Qxf5 Kg7 22. Qxh7+ Kf6 23. Qf5+ Kg7 24. Qg5+ Kh8 25. Qh6+ Kg8 26. Qh7# 1-0

[Event "FIDE World School-ch G-13 2025"]
[Site "Vrnjacka Banja"]
[Date "2025.03.22"]
[Round "3.2"]
[White "Shabanova, Mariya"]
[Black "Begmuratova, Sarvinoz"]
[Result "0-1"]
[Annotator "NA RC"]
[ECO "B13"]
[WhiteElo "1467"]
[BlackElo "1808"]
[PlyCount "70"]
[EventDate "2025.03.19"]
[EventType "swiss"]
[EventCountry "SRB"]
[SourceTitle "playchess.com"]
[Source "ChessBase"]
[SourceQuality "1"]
[TimeControl "5400+30"]

1. e4 c6 2. d4 d5 3. exd5 cxd5 4. Bd3 Nf6 5. h3 Nc6 6. c3 e5 7. dxe5 Nxe5 8. Nf3 Nxd3+ 9. Qxd3 Bd6 10. O-O O-O 11. Be3 Ne4 12. Nbd2 Bf5 13. Qe2 Bc7 14. Rfd1 Qf6 15. Bd4 Qe7 16. Qe3 b6 17. Re1 Rae8 18. c4 Qd6 19. Qe2 Nxd2 20. Qxd2 Be4 21. Be5 Rxe5 22. Nxe5 Qxe5 23. g3 Qh5 24. h4 Qf3 25. Kf1 Bxg3 26. Rac1 Qg2+ 27. Ke2 Qxf2+ 28. Kd1 Qxe1+ 29. Qxe1 Bxe1 30. Kxe1 dxc4 31. Rxc4 Bd5 32. Ra4 a5 33. a3 Re8+ 34. Kf2 Re4 35. b4 Bb3 0-1

[Event "FIDE World School-ch G-13 2025"]
[Site "Vrnjacka Banja"]
[Date "2025.03.22"]
[Round "3.3"]
[White "Leca Andrei, Anastasia"]
[Black "Tereshchenko, Eliza"]
[Result "1-0"]
[Annotator "NA RC"]
[ECO "D00"]
[WhiteElo "1805"]
[BlackElo "1751"]
[PlyCount "135"]
[EventDate "2025.03.19"]
[EventType "swiss"]
[EventCountry "SRB"]
[SourceTitle "playchess.com"]
[Source "ChessBase"]
[SourceQuality "1"]
[TimeControl "5400+30"]

1. d4 d5 2. Bg5 Nf6 3. e3 c6 4. Bd3 Bg4 5. Qc1 e6 6. f4 Nbd7 7. Nd2 Be7 8. Ngf3 Bh5 9. O-O Bg6 10. Qe1 Ne4 11. Bxe7 Qxe7 12. Bxe4 dxe4 13. Ne5 Nxe5 14. fxe5 Qb4 15. c3 Qb5 16. b3 O-O 17. c4 Qa5 18. Rf4 f5 19. exf6 Rxf6 20. Nxe4 Qxe1+ 21. Rxe1 Rxf4 22. exf4 Rd8 23. Nc5 Bf5 24. Nxe6 Bxe6 25. Rxe6 Rxd4 26. g3 Kf7 27. Re2 b5 28. cxb5 cxb5 29. Re5 Rd2 30. a4 bxa4 31. bxa4 Rd4 32. Ra5 Rd7 33. Kg2 Ke6 34. Kf3 Kd6 35. Ke4 Kc6 36. h4 Rb7 37. Kf5 Kd6 38. g4 Rf7+ 39. Ke4 Rb7 40. Kf5 Rf7+ 41. Kg5 Rb7 42. f5 Ke7 43. Ra6 Kf7 44. Rc6 Rd7 45. Rc4 Rb7 46. Kf4 Re7 47. g5 Rb7 48. Ke5 Re7+ 49. Kd6 Re1 50. Rc7+ Kf8 51. Rxa7 Rd1+ 52. Ke5 Re1+ 53. Kd4 Rh1 54. a5 Rxh4+ 55. Ke5 Rg4 56. a6 Rg1 57. Rb7 Re1+ 58. Kf4 Ra1 59. a7 Ra4+ 60. Ke5 g6 61. Rb8+ Kg7 62. f6+ Kf7 63. a8=Q Rxa8 64. Rxa8 h6 65. Ra7+ Kg8 66. f7+ Kf8 67. Kf6 hxg5 68. Ra8# 1-0

[Event "FIDE World School-ch G-13 2025"]
[Site "Vrnjacka Banja"]
[Date "2025.03.22"]
[Round "3.4"]
[White "Omirserik, Alima"]
[Black "Sonmez, Zeynep"]
[Result "1-0"]
[Annotator "NA RC"]
[ECO "B27"]
[WhiteElo "1814"]
[BlackElo "1526"]
[PlyCount "139"]
[EventDate "2025.03.19"]
[EventType "swiss"]
[EventCountry "SRB"]
[SourceTitle "playchess.com"]
[Source "ChessBase"]
[SourceQuality "1"]
[TimeControl "5400+30"]

1. e4 c5 2. Nf3 g6 3. c3 d5 4. exd5 Qxd5 5. Be2 Bg7 6. O-O Nf6 7. d4 Nc6 8. Na3 Bg4 9. h3 Bf5 10. Bc4 Qd7 11. d5 O-O-O 12. Be3 Nxd5 13. Bxc5 h5 14. Nd4 Nc7 15. Nab5 b6 16. Nxc6 Qxd1 17. Raxd1 Rxd1 18. Nxe7+ Kb7 19. Rxd1 Nxb5 20. Bxb5 bxc5 21. Nxf5 gxf5 22. Rd7+ Kb6 23. Bc4 f4 24. Bxf7 h4 25. Bd5 Be5 26. Rb7+ Ka6 27. Re7 Rh5 28. Re6+ Kb5 29. Bf3 Rg5 30. Be2+ c4 31. Rh6 a5 32. Rxh4 a4 33. b3 axb3 34. axb3 Kc5 35. bxc4 Rf5 36. Bd3 Rg5 37. Kf1 Kb6 38. Rh6+ Ka5 39. h4 Rg7 40. Rh5 Re7 41. g4 Kb6 42. Rh7 Re8 43. Rf7 Rg8 44. f3 Ra8 45. Rf5 Ra1+ 46. Kf2 Bxc3 47. c5+ Kc6 48. Be4+ Kb5 49. c6+ Kb6 50. Rxf4 Ra2+ 51. Kf1 Ra1+ 52. Ke2 Ra2+ 53. Kd3 Be5 54. Rf7 Ra3+ 55. Kc4 Ra4+ 56. Kd5 Ra5+ 57. Ke6 Bg3 58. Rb7+ Kc5 59. c7 Ra6+ 60. Kf7 Ra8 61. Rb5+ Kxb5 62. Bxa8 Bxc7 63. h5 Bf4 64. Kg6 Kb6 65. h6 Be5 66. h7 Kc7 67. Kf7 Kd7 68. g5 Bh8 69. g6 Be5 70. g7 1-0

[Event "FIDE World School-ch G-13 2025"]
[Site "Vrnjacka Banja"]
[Date "2025.03.22"]
[Round "3.5"]
[White "Lipartia, Nino"]
[Black "Abylaykyzy, Bibisara"]
[Result "0-1"]
[Annotator "NA RC"]
[ECO "B99"]
[WhiteElo "1654"]
[BlackElo "1651"]
[PlyCount "78"]
[EventDate "2025.03.19"]
[EventType "swiss"]
[EventCountry "SRB"]
[SourceTitle "playchess.com"]
[Source "ChessBase"]
[SourceQuality "1"]
[TimeControl "5400+30"]

1. e4 c5 2. Nf3 d6 3. d4 cxd4 4. Nxd4 Nf6 5. Nc3 a6 6. Bg5 e6 7. f4 Nbd7 8. Qf3 Qc7 9. O-O-O Be7 10. g4 b5 11. Bxf6 gxf6 12. h4 Bb7 13. g5 b4 14. Nce2 Rc8 15. Rd2 Nc5 16. Ng3 f5 17. Bd3 Qa5 18. Kd1 Qxa2 19. Ndxf5 Nxd3 20. Nxe7 Nxb2+ 21. Ke2 Kxe7 22. f5 Rhf8 23. Qf4 Nc4 24. Rhd1 Nxd2 25. Rxd2 Qc4+ 26. Kf2 Qc5+ 27. Kg2 Qe5 28. f6+ Ke8 29. Qe3 Rc3 30. Qf2 Bxe4+ 31. Nxe4 Qxe4+ 32. Kh2 Rf3 33. Qa7 Qxh4+ 34. Kg1 Qxg5+ 35. Rg2 Qc1+ 36. Kh2 Qf4+ 37. Kh1 Rf1+ 38. Rg1 Qf3+ 39. Kh2 Rf2+ 0-1

[Event "FIDE World School-ch G-13 2025"]
[Site "Vrnjacka Banja"]
[Date "2025.03.22"]
[Round "3.6"]
[White "Mamakova, Aknur"]
[Black "Xu, Luna Yuexiu"]
[Result "1/2-1/2"]
[Annotator "NA RC"]
[ECO "D67"]
[WhiteElo "1797"]
[BlackElo "1901"]
[PlyCount "155"]
[EventDate "2025.03.19"]
[EventType "swiss"]
[EventCountry "SRB"]
[SourceTitle "playchess.com"]
[Source "ChessBase"]
[SourceQuality "1"]
[TimeControl "5400+30"]

1. d4 d5 2. c4 e6 3. Nc3 Nf6 4. Nf3 c6 5. Bg5 Be7 6. e3 Nbd7 7. Rc1 O-O 8. Bd3 dxc4 9. Bxc4 Nd5 10. Bxe7 Qxe7 11. O-O Nxc3 12. bxc3 Nf6 13. Ne5 Bd7 14. Qe2 Rfd8 15. Rfd1 Be8 16. Bb3 c5 17. c4 a6 18. Qf3 Rac8 19. h3 b5 20. dxc5 Qxc5 21. Ng4 Nxg4 22. Qxg4 Rxd1+ 23. Qxd1 a5 24. Rc2 b4 25. Rd2 Qc7 26. Rd4 h6 27. h4 e5 28. Rd6 a4 29. Bc2 Qxc4 30. Bxa4 Bxa4 31. Qxa4 Qxh4 32. Rd1 Qc4 33. Rb1 Qe2 34. Qxb4 Qxa2 35. Rd1 Qe6 36. Qb7 e4 37. Qb1 Rc5 38. Rd8+ Kh7 39. Rd4 f5 40. Rd1 Rd5 41. Rxd5 Qxd5 42. Qa1 Qd6 43. Qa4 Qd2 44. Qa1 Qe2 45. Qb1 Qg4 46. Qc2 h5 47. Kh2 h4 48. Qd2 h3 49. gxh3 Qf3 50. Qe1 f4 51. exf4 Qxf4+ 52. Kg2 Qf3+ 53. Kh2 Kh6 54. Qg1 g5 55. Qg3 Qf4 56. Kg2 Kh5 57. Qc3 Qf3+ 58. Qxf3+ exf3+ 59. Kxf3 Kh4 60. Kg2 g4 61. hxg4 Kxg4 62. f3+ Kf4 63. Kf2 Kf5 64. Ke3 Ke5 65. f4+ Kf5 66. Kf3 Kf6 67. Kg4 Kg6 68. f5+ Kf6 69. Kf4 Kf7 70. Kg5 Kg7 71. f6+ Kf7 72. Kf5 Kf8 73. Kg6 Kg8 74. Kf5 Kf7 75. Ke5 Kf8 76. Ke6 Ke8 77. f7+ Kf8 78. Kf6 1/2-1/2